 Dungeon Crawl Stone Soup version 0.27-a0-1193-g8631133539 (webtiles) character file.

Game seed: 9060303247758337902

152017 Froggeryz the Brawler (level 17, -5/149 HPs)
             Began as a Yellow Draconian Berserker on May 25, 2021.
             Was the Champion of Trog.
             Slain by an emperor scorpion (9 damage)
             ... on level 3 of the Spider Nest on May 26, 2021.
             The game lasted 00:42:54 (38668 turns).

Froggeryz the Brawler (Yellow Draconian Berserker) Turns: 38668, Time: 00:42:55

Health: -5/149     AC: 11    Str: 26    XL:     17   Next: 2%
Magic:  0/17       EV: 16    Int:  8    God:    Trog [******]
Gold:   2400       SH:  8    Dex: 11    Spells: 16/16 levels left

rFire    + + .     SeeInvis .     - Unarmed
rCold    + . .     Faith    .   (no shield)
rNeg     + + .     Spirit   +   (armour unavailable)
rPois    +         Reflect  .   (helmet restricted)
rElec    .         Harm     .   n - scarf {rC+ rF+}
rCorr    +         Rampage  .   u - +0 pair of gloves
Will     +....                  s - +0 pair of boots
Stlth    +.........             K - brooch of Shielding {Spirit SH+8}
HPRegen  0.00/turn              G - ring of poison resistance
MPRegen  0.15/turn              N - ring "Huorir" {rF+ rN++ Slay+4}

@: lethally poisoned (-5 -> -36), slowed, studying Polearms, very slow
A: spit acid, AC +9, unfitting armour, acidic bite, cold-blooded, acid
resistance, inhibited regeneration
a: Breathe Acid, Renounce Religion, Berserk, Trog's Hand, Brothers in Arms


You were on level 3 of the Spider Nest.
You worshipped Trog.
Trog was exalted by your worship.
You visited 4 branches of the dungeon, and saw 26 of its levels.
You also visited: Bailey, Gauntlet and Ice Cave.

You collected 3486 gold pieces.
You spent 1086 gold pieces at shops.

Inventory:

Hand Weapons
 P - the +11 longbow of Okawaru's Grace {vorpal, Str+3}
   (You took it off a minotaur in a Gauntlet)

   Any arrow fired from it inflicts extra damage.
   It affects your strength (+3).
Missiles
 g - 7 javelins
 l - 7 curare-tipped darts (quivered)
 o - 46 boomerangs
 A - a throwing net
 Q - 725 arrows
 R - 8 silver javelins
 U - 3 atropa-tipped darts
Armour
 n - a scarf of resistance (worn)
 s - a +0 pair of boots (worn)
 u - a +0 pair of gloves (worn)
 O - a +2 kite shield
Jewellery
 f - a ring of flight
 k - a ring of see invisible
 m - a ring of ice
 D - a +4 ring of slaying
 F - the ring of Megalomania {AC+4 Dex+5}
   (You acquired it in a bailey)

   [ring of protection]

   It affects your AC (+4).
   It affects your dexterity (+5).
 G - a ring of poison resistance (left hand)
 K - the brooch of Shielding (around neck) {Spirit SH+8}
   (You found it in a Gauntlet)

   [amulet of guardian spirit]

   It causes incoming damage to be divided between your reserves of health and
   magic.
   It affects your SH (+8).
 N - the ring "Huorir" (right hand) {rF+ rN++ Slay+4}
   (You found it in a Gauntlet)

   [ring of slaying]

   It affects your accuracy and damage with ranged weapons and melee attacks
   (+4).
   It protects you from fire.
   It greatly protects you from negative energy.
 V - an amulet of reflection
 W - a ring of protection from cold
 X - a ring of willpower
Wands
 i - a wand of paralysis (16)
 q - a wand of mindburst (12)
 w - a wand of flame (119)
 y - a wand of digging (5)
 E - a wand of charming (17)
 S - a wand of acid (26)
Scrolls
 a - 5 scrolls of holy word
 e - 18 scrolls of teleportation
 t - 10 scrolls of fog
 v - 5 scrolls of enchant armour
 x - 2 scrolls of silence
 B - 4 scrolls of blinking
 C - 2 scrolls of summoning
 L - 2 scrolls of identify
 M - 6 scrolls of magic mapping
Potions
 b - 2 potions of ambrosia {unknown}
 c - 4 potions of lignification
 d - 6 potions of heal wounds
 h - 6 potions of magic
 j - 4 potions of berserk rage
 p - 5 potions of haste
 r - 2 potions of resistance
 z - 5 potions of might
 H - a potion of cancellation
 I - 4 potions of flight
 J - 4 potions of curing
 T - a potion of mutation {unknown}


   Skills:
 - Level 13.0 Fighting
 - Level 6.6 Throwing
 - Level 12.0 Dodging
 * Level 12.6 Shields
 - Level 20.0 Unarmed Combat


You had 16 spell levels left.
You didn't know any spells.
Your spell library was empty.

Dungeon Overview and Level Annotations

Branches:
Dungeon (15/15)            Temple (0/1) D:6            Lair (6/6) D:10
 Shoals (0/4) Lair:3       Spider (3/4) Lair:2        Slime (0/5) Lair:6
    Orc (2/2) D:10            Elf (0/3) Orc:2        Vaults (0/5) D:14
 Depths (0/5) D:15         Bailey (visited)           IceCv (visited)
Gauntlet (visited)

Altars:
Dithmenos
Makhleb
Xom
Beogh

Shops:
D:10 ?   D:14 ?   Orc:2 :[*?


Innate Abilities, Weirdness & Mutations

You can spit globs of acid.
Your golden yellow scales are hard. (AC +9)
You cannot fit into any form of body armour.
You have acidic saliva.
You are cold-blooded and may be slowed by cold attacks.
You are resistant to acid. (rCorr)
You do not regenerate when monsters are visible.


Message History

The wolf spider misses you.
You feel better. The wolf spider barely misses you. The wolf spider bites you.
* * * LOW HITPOINT WARNING * * *
The wolf spider hits you!
* * * LOW HITPOINT WARNING * * *
You block the wolf spider's attack.
Being near the torpor snail leaves you feeling lethargic.
The wolf spider hits you.
* * * LOW HITPOINT WARNING * * *
The wolf spider bites you.
* * * LOW HITPOINT WARNING * * *
You are lethally poisoned!
The wolf spider poisons you!
Unknown command.
Okay, then.
Blink to where?
Press: ? - help, Dir - move target
Okay, then.
Unknown command.
Unknown command.
You feel better. The wolf spider barely misses you.
The wolf spider bites you but does no damage.
The wolf spider misses you. The wolf spider closely misses you.
You block the redback's attack. The emperor scorpion misses you.
The emperor scorpion claws you but does no damage.
The emperor scorpion claws you!
* * * LOW HITPOINT WARNING * * *
The wolf spider hits you.
* * * LOW HITPOINT WARNING * * *
The wolf spider barely misses you.
The wolf spider hits you but does no damage.
The wolf spider misses you. The redback bites you.
* * * LOW HITPOINT WARNING * * *
The emperor scorpion stings you!!
* * * LOW HITPOINT WARNING * * *
You are lethally poisoned!
The emperor scorpion poisons you!
The emperor scorpion closely misses you.
The emperor scorpion claws you!
You die...

## #.#### ##.s@s#
..####......#..ss##
...........[#...s.#
........w.^####...##
...........##.#w...#
.....$... ##.....<.##
......w## #..w......##
^.......####....>....#
..†.†....##w)...##..##


You could see an emperor scorpion, a torpor snail, 2 wolf spiders and 2
redbacks.

Vanquished Creatures
  The ghost of Qyditak the Destroyer, an adept DrCj of Vehumet (Spider:1)
  The ghost of philipeq the Warrior, a journeyman DsMo of Qazlal (Spider:2)
  An orc warlord (Bailey)
  Nessos (D:15)
  A minotaur (Gauntlet)
  A dire elephant (D:15)
  An entropy weaver (Spider:2)
  Josephine (Orc:2)
  A fire dragon (D:15)
  10 hydras
  3 boulder beetles
  3 vault guards (D:14)
  2 ice dragons (IceCv)
  5 centaur warriors
  2 two-headed ogres
  2 death knights
  A death scarab (Gauntlet)
  12 death yaks
  A tengu warrior (D:14)
  Nergalle (Lair:2)
  Urug (D:13)
  3 orc high priests
  Sonja (D:11)
  11 skeletal warriors
  A spectral hydra (Gauntlet)
  A phantasmal warrior (D:14)
  4 deep elf pyromancers
  4 orb spiders
  A necromancer (Gauntlet)
  9 ugly things
  15 wolf spiders
  5 orc knights
  3 manticores
  7 orc sorcerers
  3 cyclopes
  11 elephants (Lair:6)
  2 merfolk sirens (Lair:3)
  3 black mambas
  2 ice statues (IceCv)
  3 kobold demonologists
  23 cane toads
  Maggie (D:6)
  5 rime drakes
  An efreet (D:15)
  4 gargoyles
  3 freezing wraiths (D:14)
  7 demonic crawlers
  5 komodo dragons
  A merfolk (Lair:3)
  20 jumping spiders
  A queen bee (shapeshifter) (D:13)
  3 tyrant leeches (Lair:6)
  6 trolls
  19 blink frogs
  2 polar bears
  4 hornets
  A raiju (shapeshifter) (D:13)
  6 slime creatures
  61 redbacks
  2 vampires (D:13)
  7 wraiths
  19 tarantellas
  A shadow (D:10)
  A wyvern (Lair:3)
  2 steam dragons (D:8)
  A human (D:14)
  6 basilisks
  A neqoxec (Gauntlet)
  44 yaks
  2 wargs
  A chaos spawn (Gauntlet)
  16 vampire mosquitoes
  16 water moccasins
  An acid dragon (D:11)
  23 orc warriors
  16 ice beasts
  3 sky beasts (D:8)
  13 wolves
  7 black bears
  5 ogres
  20 centaurs
  3 kobold brigands
  A wyvern zombie (D:7)
  21 bullfrogs
  4 scorpions
  A water moccasin skeleton (D:5)
  6 killer bees (D:9)
  4 electric eels
  2 howler monkeys (D:6)
  13 wights
  3 hounds
  18 orc priests
  A bullfrog skeleton (D:6)
  2 gnoll shamans
  An iguana (D:6)
  25 orc wizards
  A hound skeleton (D:4)
  A howler monkey zombie (D:6)
  13 gnolls
  5 adders
  An ufetubus (D:6)
  An adder skeleton (D:4)
  4 dart slugs
  5 worms
  55 orcs
  6 bats
  4 endoplasms
  9 giant cockroaches
  7 goblins
  12 hobgoblins
  31 kobolds
  2 quokkas (D:1)
  6 ball pythons
  5 frilled lizards
  12 rats
806 creatures vanquished.

Vanquished Creatures (collateral kills)
  A demonic crawler (Spider:1)
  A redback (Spider:1)
  An orc (Bailey)
3 creatures vanquished.

Vanquished Creatures (others)
  A redback (Spider:1)
  An orc priest (Orc:2)
  A bush (Lair:6)
  4 demonic plants (Gauntlet)
  29 fungi
  98 plants
134 creatures vanquished.

Grand Total: 943 creatures vanquished

Notes
Turn   | Place    | Note
-------+----------+-------------------------------------------
     0 | D:1      | Froggeryz the Draconian Berserker began the quest for the
                  | Orb.
     0 | D:1      | Reached XP level 1. HP: 19/19 MP: 1/1
     9 | D:1      | Noticed an ogre
   153 | D:1      | Found a faded altar of an unknown god.
   237 | D:1      | Reached XP level 2. HP: 26/26 MP: 2/2
   577 | D:1      | You fall into a shaft and drop 1 floor!
   899 | D:1      | Reached ** piety under Trog
   956 | D:1      | Reached XP level 3. HP: 29/31 MP: 3/3
  1088 | D:1      | Reached skill level 4 in Unarmed Combat
  2131 | D:3      | Reached XP level 4. HP: 38/38 MP: 4/4
  2369 | D:3      | Reached skill level 5 in Unarmed Combat
  3360 | D:4      | Reached XP level 5. HP: 44/45 MP: 5/5
  3801 | D:4      | Reached skill level 6 in Unarmed Combat
  3821 | D:4      | Reached *** piety under Trog
  3953 | D:5      | Entered Level 5 of the Dungeon
  4028 | D:5      | Reached XP level 6. HP: 40/51 MP: 6/6
  4196 | D:5      | Reached skill level 7 in Unarmed Combat
  4655 | D:5      | Reached skill level 8 in Unarmed Combat
  4655 | D:5      | Your scales start taking on a golden yellow colour.
  4655 | D:5      | Reached XP level 7. HP: 57/57 MP: 7/7
  4655 | D:5      | Gained mutation: You are resistant to acid. (rCorr) [Yellow
                  | Draconian growth]
  5061 | D:6      | Noticed Maggie
  5073 | D:6      | Killed Maggie
  5074 | D:6      | Reached skill level 9 in Unarmed Combat
  5141 | D:6      | Noticed a troll
  5148 | D:6      | Killed a troll
  5149 | D:6      | Reached XP level 8. HP: 67/67 MP: 6/8
  5376 | D:6      | Noticed a hornet
  5386 | D:6      | Killed a hornet
  5387 | D:6      | Reached skill level 5 in Fighting
  5387 | D:6      | Reached skill level 10 in Unarmed Combat
  5447 | D:6      | Found a staircase to the Ecumenical Temple.
  5854 | D:6      | Identified the +2 hand axe "Toihiro" {vorpal, rF- rCorr
                  | MP-9 Int+7 Dex+2}
  6088 | D:7      | Noticed a death knight
  6098 | D:7      | HP: 3/105 [death knight/+2 battleaxe (24)]
  6142 | D:7      | Reached XP level 9. HP: 14/75 MP: 6/9
  6473 | D:7      | Reached skill level 11 in Unarmed Combat
  6514 | D:7      | Reached **** piety under Trog
  7143 | D:7      | Found a shadowy altar of Dithmenos.
  7409 | D:8      | Reached skill level 12 in Unarmed Combat
  7649 | D:8      | Reached XP level 10. HP: 52/86 MP: 7/10
  7908 | D:8      | Identified a scroll of acquirement
  7908 | D:8      | Acquired a scarf of resistance
  8111 | D:8      | Identified the +1 long sword of the Beginning {freeze,
                  | Str+6}
  9543 | D:9      | Reached skill level 13 in Unarmed Combat
 10239 | D:10     | Entered Level 10 of the Dungeon
 10241 | D:10     | Found a flagged portal.
 10249 | D:10     | Found a staircase to the Orcish Mines.
 10252 | Bailey   | Entered a bailey
 10269 | Bailey   | Noticed an orc warlord
 10282 | Bailey   | Reached ***** piety under Trog
 10352 | Bailey   | Found a runed translucent gate.
 10360 | Bailey   | Found a runed translucent gate.
 10362 | Bailey   | Found a runed translucent gate.
 10593 | Bailey   | Received a gift from Trog
 10601 | Bailey   | Killed an orc warlord
 10621 | Bailey   | Acquired the ring of Megalomania {AC+4 Dex+5}
 10662 | D:10     | Noticed a two-headed ogre
 10667 | D:10     | Killed a two-headed ogre
 10668 | D:10     | Reached skill level 5 in Dodging
 10668 | D:10     | Reached skill level 14 in Unarmed Combat
 10841 | D:10     | Found a staircase to the Lair.
 10959 | D:10     | Reached XP level 11. HP: 89/95 MP: 9/11
 11423 | D:10     | Found Kuji's Magic Scroll Emporium.
 11426 | D:10     | Bought a scroll of teleportation for 39 gold pieces
 11426 | D:10     | Bought a scroll of teleportation for 39 gold pieces
 11426 | D:10     | Bought a scroll of enchant armour for 97 gold pieces
 11664 | Lair:1   | Entered Level 1 of the Lair of Beasts
 11790 | Lair:1   | Acquired a +4 ring of slaying
 12138 | Lair:1   | Noticed an eight-headed hydra
 12144 | Lair:1   | Killed an eight-headed hydra
 12843 | Lair:2   | Found a hole to the Spider Nest.
 12843 | Lair:2   | Noticed a boulder beetle
 12879 | Lair:1   | Killed a boulder beetle
 12880 | Lair:1   | Reached skill level 15 in Unarmed Combat
 13237 | Lair:2   | Noticed a death yak
 13237 | Lair:2   | Noticed a death yak
 13238 | Lair:2   | Noticed a death yak
 13258 | Lair:1   | Killed a death yak
 13464 | Lair:2   | Noticed a death yak
 13472 | Lair:1   | Killed a death yak
 13491 | Lair:2   | Killed a death yak
 13496 | Lair:2   | Killed a death yak
 13497 | Lair:2   | Reached skill level 10 in Fighting
 13657 | Lair:2   | Noticed Nergalle
 13667 | Lair:2   | Killed Nergalle
 13668 | Lair:2   | Reached XP level 12. HP: 106/106 MP: 12/12
 14978 | Lair:3   | Noticed a five-headed hydra
 14984 | Lair:3   | Killed a five-headed hydra
 15001 | Lair:3   | Found a frozen archway.
 15023 | IceCv    | Entered an ice cave
 15197 | IceCv    | Reached skill level 16 in Unarmed Combat
 15741 | IceCv    | Noticed an ice dragon
 15742 | IceCv    | Noticed an ice dragon
 15745 | IceCv    | Reached XP level 13. HP: 113/113 MP: 13/13
 16398 | Lair:3   | Received a gift from Trog
 16745 | Lair:3   | Found a staircase to the Shoals.
 18424 | Lair:5   | Reached skill level 1 in Throwing
 18582 | Lair:5   | Found a gate leading to a gauntlet.
 18591 | Gauntlet | Entered a Gauntlet
 18591 | Gauntlet | Found a transporter.
 18591 | Gauntlet | Found a transporter.
 18594 | Gauntlet | Found a transporter.
 18597 | Gauntlet | Found a transporter.
 18638 | Gauntlet | Found a transporter.
 18638 | Gauntlet | Found a transporter.
 18640 | Gauntlet | Found a transporter.
 18652 | Gauntlet | Found a transporter.
 18667 | Gauntlet | Found a transporter.
 18675 | Gauntlet | Found a runed translucent door.
 18677 | Gauntlet | Found a transporter.
 18679 | Gauntlet | Found a runed translucent door.
 18691 | Gauntlet | Found a transporter.
 18711 | Gauntlet | Found a transporter.
 18711 | Gauntlet | Found a transporter.
 18712 | Gauntlet | Found the brooch of Shielding {Spirit SH+8}
 18724 | Gauntlet | Found a transporter.
 18781 | Gauntlet | Gained mutation: You have acidic saliva. [Yellow Draconian
                  | growth]
 18781 | Gauntlet | Reached XP level 14. HP: 88/120 MP: 9/14
 19124 | Gauntlet | Gained mutation: You do not regenerate when monsters are
                  | visible. [a neqoxec]
 19270 | Gauntlet | Reached skill level 17 in Unarmed Combat
 19321 | Gauntlet | Identified the ring "Huorir" {rF+ rN++ Slay+4}
 19553 | Gauntlet | Identified the +6 halberd of Itocup {speed, +Rage Int+2
                  | Dex+3}
 19553 | Gauntlet | Identified the +11 longbow of Okawaru's Grace {vorpal,
                  | Str+3}
 20894 | Lair:6   | Entered Level 6 of the Lair of Beasts
 20899 | Lair:6   | Found a shimmering altar of Xom.
 21037 | Lair:6   | Reached skill level 5 in Throwing
 21037 | Lair:6   | Reached skill level 18 in Unarmed Combat
 22339 | Lair:6   | Identified the +3 scale mail "Xiadd" {Int+4}
 22618 | Lair:6   | Found a staircase to the Slime Pits.
 22955 | Orc:1    | Entered Level 1 of the Orcish Mines
 23305 | Orc:1    | Reached XP level 15. HP: 123/126 MP: 15/15
 23488 | Orc:2    | Entered Level 2 of the Orcish Mines
 23585 | Orc:2    | Found a staircase to the Elven Halls.
 23605 | Orc:2    | Reached ****** piety under Trog
 23754 | Orc:1    | Noticed Josephine
 23763 | Orc:2    | Killed Josephine
 23764 | Orc:2    | Received a gift from Trog
 23988 | Orc:1    | Reached skill level 19 in Unarmed Combat
 24997 | Orc:2    | Paralysed by an orc sorcerer for 7 turns
 25175 | Orc:2    | Found Rater's Book Shop.
 25175 | Orc:2    | Found Uqatoe's Antique Armour Shoppe.
 25179 | Orc:2    | Found Cannywk's General Store.
 25179 | Orc:2    | Found Noudemp's Magic Scroll Shoppe.
 25187 | Orc:2    | Bought a +2 kite shield for 280 gold pieces
 25187 | Orc:2    | Bought a scroll of identify for 34 gold pieces
 25188 | Orc:2    | Bought 3 scrolls of fog for 78 gold pieces
 25188 | Orc:2    | Bought a scroll of teleportation for 39 gold pieces
 25188 | Orc:2    | Bought a scroll of magic mapping for 45 gold pieces
 25188 | Orc:2    | Bought a scroll of magic mapping for 45 gold pieces
 25197 | Orc:2    | Bought a potion of flight for 51 gold pieces
 25202 | Orc:2    | Bought a scroll of identify for 26 gold pieces
 25202 | Orc:2    | Bought a scroll of identify for 26 gold pieces
 25282 | Orc:2    | Found a burning altar of Makhleb.
 25587 | D:11     | You fall into a shaft and drop 3 floors!
 26352 | D:12     | Received a gift from Trog
 27203 | D:11     | Noticed Sonja
 27337 | D:11     | Killed Sonja
 27397 | D:11     | Identified the +10 falchion of the Briny Deep {drain,
                  | +Blink rElec rC+ MP-9}
 28298 | D:12     | Reached skill level 20 in Unarmed Combat
 28558 | D:13     | Reached skill level 1 in Shields
 29158 | D:13     | Noticed Urug
 29165 | D:13     | Killed Urug
 30286 | D:14     | Reached skill level 5 in Shields
 30579 | D:14     | Reached XP level 16. HP: 89/140 MP: 9/16
 30755 | D:14     | Found Hero's Magic Scroll Shoppe.
 30763 | D:14     | Bought a scroll of blinking for 105 gold pieces
 30763 | D:14     | Bought a scroll of teleportation for 42 gold pieces
 30763 | D:14     | Bought a scroll of teleportation for 42 gold pieces
 30763 | D:14     | Bought a scroll of magic mapping for 49 gold pieces
 30763 | D:14     | Bought a scroll of magic mapping for 49 gold pieces
 31265 | D:14     | Found a gate to the Vaults.
 31458 | D:15     | Entered Level 15 of the Dungeon
 31458 | D:15     | Noticed Nessos
 31466 | D:15     | Killed Nessos
 31466 | D:15     | Received a gift from Trog
 32901 | D:15     | Found a staircase to the Depths.
 33215 | D:15     | Found Xaass's General Store.
 33531 | Spider:1 | Entered Level 1 of the Spider Nest
 34710 | Spider:1 | Identified the +7 scale mail of Lesser Demons {Dex+2}
 35175 | Spider:1 | Reached skill level 10 in Shields
 35272 | Spider:1 | Identified the amulet "Letten" {*Slow rPois Regen+ Stlth+}
 36145 | Spider:1 | Found a runed translucent door.
 36145 | Spider:1 | Noticed Qyditak's ghost (adept DrCj)
 36454 | Spider:1 | Killed Qyditak's ghost
 37763 | Spider:2 | Found a large runed translucent door.
 37764 | Spider:2 | Found a large runed translucent door.
 37766 | Spider:2 | Noticed philipeq's ghost (journeyman DsMo)
 38038 | Spider:2 | Killed philipeq's ghost
 38239 | Spider:3 | Received a gift from Trog
 38624 | Spider:3 | Reached XP level 17. HP: 120/149 MP: 12/17
 38668 | Spider:3 | HP: 4/149 [emperor scorpion (18)]
 38668 | Spider:3 | Slain by an emperor scorpion

Illustrated notes

Levels and vault maps discovered:
D:1:      evilmike_arrival_come_back, layout_basic,
          chequers_ecumenical_altar_simple_redux, minmay_close_crescents
D:2:      layout_basic, serial_glass, glass_columns_b, glass_columns_a,
          glass_columns_c, glass_columns_c, glass_columns_c, glass_columns_b,
          glass_columns_c, glass_columns_b, glass_columns_a, glass_columns_c,
          glass_columns_a, glass_columns_b, glass_columns_b, glass_columns_a,
          minmay_rat_gold_closets
D:3:      layout_loops_cross
D:4:      layout_loops_ring, gup_sewer_entry_bubbles
D:5:      layout_loops_cross
D:6:      layout_loops_ring, minmay_temple_entry_junction_2, uniq_maggie
D:7:      layout_loops_cross, kennysheep_little_box
D:8:      layout_gridville, hangedman_misty_isle
D:9:      layout_basic
D:10:     layout_cave_pools, grunt_lair_entry_orc_guard_hut,
          minmay_orc_entry_temple_small, enter_bailey_2, serial_shops,
          kennysheep_mini
D:11:     layout_loops_ring, uniq_sonja
D:12:     layout_cross
D:13:     layout_gridville, uniq_urug
D:14:     layout_rooms, grunt_vaults_entry_fortified, serial_shops,
          nicolae_shop_temple_entry_statues_fountains, kennysheep_big_empty_room
D:15:     hangedman_depths_entry_try_elsewhere_first, layout_irregular_city,
          corexii_leaking_fountain, serial_shops, shop, uniq_nessos
Lair:1:   wander_river, layout_chaotic_city, infiniplex_staircase_pool_2,
          grunt_megastairs_5
Lair:2:   layout_cave_pods, nicolae_spider_entry_non_spiders,
          chequers_serial_rivers_micro_d, grunt_megastairs_4, uniq_nergalle
Lair:3:   layout_gridlike, elwin_shoals_entry_rooms, portal_ice_cave_rime,
          st_stairs_11
Lair:4:   layout_long_grid, serial_bayou_shore_a
Lair:5:   layout_roguey, gauntlet_entry_generic, beast_lair_carwin_9
Lair:6:   minmay_lair_end_frog_pond, layout_misc_corridors, slime_dummy,
          basic_altar, lemuel_fruit_fields
Spider:1: nicolae_spider_hilbert_zone_3 [nicolae_spider_hilbert_4_sides_2_open,
          nicolae_spider_hilbert_3_sides_1_open,
          nicolae_spider_hilbert_3_sides_1_open,
          nicolae_spider_hilbert_3_sides_1_open,
          nicolae_spider_hilbert_3_sides_1_open,
          nicolae_spider_hilbert_4_sides_1_open,
          nicolae_spider_hilbert_4_sides_1_open,
          nicolae_spider_hilbert_4_sides_1_open,
          nicolae_spider_hilbert_4_sides_1_open,
          nicolae_spider_hilbert_4_sides_1_open,
          nicolae_spider_hilbert_4_sides_1_open,
          nicolae_spider_hilbert_4_sides_1_open,
          nicolae_spider_hilbert_4_sides_1_open,
          nicolae_spider_hilbert_3_sides_1_open,
          nicolae_spider_hilbert_3_sides_1_open,
          nicolae_spider_hilbert_3_sides_1_open,
          nicolae_spider_hilbert_3_sides_1_open], gammafunk_ghost_grave
Spider:2: layout_spider_delve, ebering_ghost_disaster_area
Spider:3: layout_spider_delve
Orc:1:    layout_diamond_mine, nicolae_orc_crystal_geode, uniq_josephine
Orc:2:    grunt_orc_tribal_feast, layout_caves, basic_altar

Skill      XL: |  1  2  3  4  5  6  7  8  9 10 11 12 13 14 15 16 |
---------------+-------------------------------------------------+-----
Dodging        | 3 5 7 11 12 | 12.0
Unarmed Combat | 4 5 6 8 9 10 12 14 15 16 18 20 | 20.0
Fighting       | 4 6 8 10 12 13 | 13.0
Throwing       | 1 6 |  6.6
Shields        | 5 12 | 12.6

Action                   |  1- 3 |  4- 6 |  7- 9 | 10-12 | 13-15 | 16-18 || total
-------------------------+-------+-------+-------+-------+-------+-------++-------
Melee: Unarmed           |   119 |   191 |   239 |   527 |   899 |   467 ||  2442
       Tailslap          |     5 |    23 |    55 |    93 |   150 |    80 ||   406
       Punch             |     1 |     4 |    14 |    42 |   101 |    66 ||   228
       Bite              |       |       |       |       |   120 |    56 ||   176
Throw: Dart              |       |       |       |    28 |       |       ||    28
Invok: Berserk           |       |     2 |     4 |     7 |     5 |     1 ||    19
       Trog's Hand       |       |       |     1 |     2 |     2 |       ||     5
       Brothers in Arms  |       |       |       |       |       |     1 ||     1
 Abil: Breathe Acid      |       |       |     8 |     1 |     3 |       ||    12
Evoke: Wand              |       |       |     2 |       |     8 |     9 ||    19
  Use: Scroll            |       |     4 |     3 |    13 |    11 |     2 ||    33
       Potion            |       |       |       |     1 |     5 |     8 ||    14
 Stab: Sleeping          |     2 |       |     1 |       |       |       ||     3
       Paralysed         |       |       |     7 |       |     1 |     2 ||    10
       Distracted        |       |       |     1 |       |       |       ||     1
Armor: Skin              |    30 |    43 |    38 |   143 |   244 |   138 ||   636
Dodge: Dodged            |    64 |   130 |   174 |   351 |   509 |   289 ||  1517
Block: Other             |       |       |       |       |   260 |   180 ||   440

Table legend: (Time is in decaauts)
 A = Elapsed time spent in this place.
 B = Non-inter-level travel time spent in this place.
 C = Inter-level travel time spent in this place.
 D = Time resting spent in this place.
 E = Time spent auto-exploring this place.
 F = Levels seen in this place.
 G = Mean time per level.
                   A        B        C        D        E       F      G
               +--------+--------+--------+--------+--------+-----+--------+
         Total |  38323 |  37297 |   1026 |   9464 |  22793 |  29 | 1321.5 |
       Dungeon |  19211 |  18583 |    628 |   3274 |  13195 |  15 | 1280.7 |
          Lair |   8912 |   8651 |    261 |   2127 |   5382 |   6 | 1485.3 |
   Spider Nest |   5021 |   4993 |     28 |   1442 |   2975 |   3 | 1673.7 |
  Orcish Mines |   2489 |   2381 |    108 |   1103 |    881 |   2 | 1244.5 |
        Bailey |    395 |    395 |      0 |     41 |    113 |   1 |  395.0 |
      Ice Cave |   1180 |   1180 |      0 |    670 |    246 |   1 | 1180.0 |
      Gauntlet |   1113 |   1113 |      0 |    806 |      0 |   1 | 1113.0 |
               +--------+--------+--------+--------+--------+-----+--------+

Top non-repeatable levels by time:
Spider:1: 2893 daAuts
    D:13: 2245 daAuts
Spider:2: 2029 daAuts
  Lair:1: 1903 daAuts
    D:14: 1890 daAuts
  Lair:6: 1887 daAuts
     D:8: 1713 daAuts
    D:15: 1491 daAuts
  Lair:5: 1472 daAuts
     D:7: 1467 daAuts
  Lair:3: 1453 daAuts
   Orc:1: 1361 daAuts
  Lair:2: 1355 daAuts
    D:12: 1339 daAuts
    D:10: 1187 daAuts
